[ AOE2 MATCH · #489581174 ]
UnrankedDravidians vs Tatars
Player's team · WIN
[ REPLAY ANALYSIS · EXTRACTED FROM THE RECORDED GAME ]
Feudal
—
Castle
—
Imperial
—
| APM avg | 14.0 |
| APM peak | 61 |
| eAPM avg | 9.9 |
| Villagers / military | 0 / 142 |
Focus
⚔️ 93.0% · 🌾 7.0%
Archer ×84 · Elephant Archer ×58
Feudal
—
Castle
—
Imperial
—
| APM avg | 47.4 |
| APM peak | 80 |
| eAPM avg | 7.8 |
| Villagers / military | 0 / 0 |
Focus
⚔️ 100.0% · 🌾 0.0%
Feudal
—
Castle
—
Imperial
—
| APM avg | 18.7 |
| APM peak | 30 |
| eAPM avg | 6.5 |
| Villagers / military | 0 / 0 |
Focus
⚔️ 100.0% · 🌾 0.0%
Feudal
—
Castle
—
Imperial
—
| APM avg | 55.6 |
| APM peak | 92 |
| eAPM avg | 5.5 |
| Villagers / military | 0 / 0 |
Focus
⚔️ 100.0% · 🌾 0.0%
Feudal
—
Castle
—
Imperial
—
| APM avg | 6.1 |
| APM peak | 13 |
| eAPM avg | 1.6 |
| Villagers / military | 0 / 0 |
Focus
⚔️ 91.7% · 🌾 8.3%
Feudal
—
Castle
—
Imperial
—
| APM avg | 15.4 |
| APM peak | 49 |
| eAPM avg | 9.1 |
| Villagers / military | 0 / 370 |
Focus
⚔️ 95.4% · 🌾 4.6%
Knight ×370
Feudal
—
Castle
—
Imperial
—
| APM avg | 23.9 |
| APM peak | 55 |
| eAPM avg | 4.1 |
| Villagers / military | 0 / 0 |
Focus
⚔️ 92.3% · 🌾 7.7%
Feudal
—
Castle
—
Imperial
—
| APM avg | 76.2 |
| APM peak | 108 |
| eAPM avg | 68.9 |
| Villagers / military | 0 / 437 |
Focus
⚔️ 99.5% · 🌾 0.5%
Knight ×437
Match map
Initial resources + every placement click. Lines = walls · curves = elevation contours. ◆ gold · ⬟ stone · ● berries · ✦ relic · ◌ wall gap
Your base· Open — 3t gap
Vllaznia - Kimeraa's base· ✓ Map-separated
PKNOT's base· Open — 3t gap
Misery's base· ✓ Closed at 12:00 · 0t walls · 4 gate(s)
Dr. Slippery Fist M.D.'s base· Open — 10t gap
MushyElm4881's base· Open — 6t gap
AnúBis's base· Open — 2t gap
HCCC's base· ✓ Closed at 12:00 · 18t walls · 2 gate(s)
Smoothed initial terrain · ◌ = detected wall gap · hover for details
Inputs per minute
— turbines1 - - Vllaznia - Kimeraa
Build order — turbines1
First 150 of 157 actions detected
| 9:28 | Build | Archery Range |
| 9:31 | Build | Archery Range |
| 9:33 | Build | Archery Range |
| 9:35 | Build | Archery Range |
| 9:48 | Build | Stone Wall |
| 10:52 | Build | Archery Range |
| 10:55 | Build | Archery Range |
| 10:58 | Build | Archery Range |
| 11:02 | Build | Archery Range |
| 11:05 | Build | Archery Range |
| 11:07 | Build | Archery Range |
| 12:45 | Build | Stone Wall |
| 14:01 | Research | Thumb Ring |
| 14:02 | Research | Crossbowman (upgrade) |
| 14:03 | Research | Elite Skirmisher (upgrade) |
| 14:07 | Create | Elephant Archer |
| 14:07 | Create | Elephant Archer |
| 14:07 | Create | Elephant Archer |
| 14:07 | Create | Elephant Archer |
| 14:08 | Create | Elephant Archer |
| 14:08 | Create | Elephant Archer |
| 14:08 | Create | Elephant Archer |
| 14:08 | Create | Elephant Archer |
| 14:09 | Create | Elephant Archer |
| 14:09 | Create | Elephant Archer |
| 14:09 | Create | Elephant Archer |
| 14:10 | Create | Elephant Archer |
| 14:10 | Create | Elephant Archer |
| 14:11 | Create | Elephant Archer |
| 14:12 | Create | Elephant Archer |
| 14:12 | Create | Elephant Archer |
| 14:12 | Create | Elephant Archer |
| 14:13 | Create | Elephant Archer |
| 14:13 | Create | Elephant Archer |
| 14:13 | Create | Elephant Archer |
| 14:14 | Create | Elephant Archer |
| 14:14 | Create | Elephant Archer |
| 14:14 | Create | Elephant Archer |
| 14:15 | Create | Elephant Archer |
| 14:15 | Create | Elephant Archer |
| 14:15 | Create | Elephant Archer |
| 14:16 | Create | Elephant Archer |
| 14:16 | Create | Elephant Archer |
| 14:16 | Create | Elephant Archer |
| 14:17 | Create | Elephant Archer |
| 14:17 | Create | Elephant Archer |
| 14:17 | Create | Elephant Archer |
| 14:17 | Create | Elephant Archer |
| 14:18 | Create | Elephant Archer |
| 14:18 | Create | Elephant Archer |
| 14:18 | Create | Elephant Archer |
| 14:19 | Create | Elephant Archer |
| 14:19 | Create | Elephant Archer |
| 14:19 | Create | Elephant Archer |
| 14:20 | Create | Elephant Archer |
| 14:20 | Create | Elephant Archer |
| 14:21 | Create | Elephant Archer |
| 14:21 | Create | Elephant Archer |
| 14:21 | Create | Elephant Archer |
| 14:21 | Create | Elephant Archer |
| 14:22 | Create | Elephant Archer |
| 14:22 | Create | Elephant Archer |
| 14:22 | Create | Elephant Archer |
| 14:23 | Create | Elephant Archer |
| 14:23 | Create | Elephant Archer |
| 16:00 | Create | Elephant Archer |
| 16:00 | Create | Elephant Archer |
| 16:00 | Create | Elephant Archer |
| 16:01 | Create | Elephant Archer |
| 16:01 | Create | Elephant Archer |
| 16:01 | Create | Elephant Archer |
| 16:01 | Create | Elephant Archer |
| 16:02 | Create | Elephant Archer |
| 16:10 | Create | Archer |
| 16:10 | Create | Archer |
| 16:10 | Create | Archer |
| 16:11 | Create | Archer |
| 16:11 | Create | Archer |
| 16:11 | Create | Archer |
| 16:11 | Create | Archer |
| 16:12 | Create | Archer |
| 16:12 | Create | Archer |
| 16:12 | Create | Archer |
| 16:13 | Create | Archer |
| 16:13 | Create | Archer |
| 16:13 | Create | Archer |
| 16:13 | Create | Archer |
| 16:14 | Create | Archer |
| 16:14 | Create | Archer |
| 16:40 | Create | Archer |
| 16:41 | Create | Archer |
| 16:41 | Create | Archer |
| 16:41 | Create | Archer |
| 16:41 | Create | Archer |
| 16:42 | Create | Archer |
| 16:42 | Create | Archer |
| 16:42 | Create | Archer |
| 16:42 | Create | Archer |
| 16:43 | Create | Archer |
| 16:43 | Create | Archer |
| 16:43 | Create | Archer |
| 16:44 | Create | Archer |
| 16:44 | Create | Archer |
| 16:44 | Create | Archer |
| 16:44 | Create | Archer |
| 16:45 | Create | Archer |
| 18:23 | Create | Archer |
| 18:23 | Create | Archer |
| 18:23 | Create | Archer |
| 18:24 | Create | Archer |
| 18:24 | Create | Archer |
| 18:24 | Create | Archer |
| 18:24 | Create | Archer |
| 18:25 | Create | Archer |
| 18:25 | Create | Archer |
| 18:25 | Create | Archer |
| 18:33 | Create | Archer |
| 18:33 | Create | Archer |
| 18:33 | Create | Archer |
| 18:34 | Create | Archer |
| 18:34 | Create | Archer |
| 18:34 | Create | Archer |
| 18:37 | Create | Archer |
| 18:37 | Create | Archer |
| 18:38 | Create | Archer |
| 18:38 | Create | Archer |
| 18:38 | Create | Archer |
| 18:39 | Create | Archer |
| 18:39 | Create | Archer |
| 18:39 | Create | Archer |
| 18:40 | Create | Archer |
| 18:40 | Create | Archer |
| 18:40 | Create | Archer |
| 18:41 | Create | Archer |
| 18:41 | Create | Archer |
| 18:42 | Create | Archer |
| 18:42 | Create | Archer |
| 18:42 | Create | Archer |
| 18:43 | Create | Archer |
| 18:44 | Create | Archer |
| 18:44 | Create | Archer |
| 18:44 | Create | Archer |
| 18:45 | Create | Archer |
| 18:45 | Create | Archer |
| 18:45 | Create | Archer |
| 18:45 | Create | Archer |
| 18:46 | Create | Archer |
| 18:46 | Create | Archer |
| 18:46 | Create | Archer |
| 18:47 | Create | Archer |
Build order — Vllaznia - Kimeraa
0 actions detected in the replay
Build order — PKNOT
19 actions detected in the replay
| 8:00 | Build | Stone Wall |
| 9:45 | Build | Stone Wall |
| 10:58 | Build | Stable |
| 11:00 | Build | Stable |
| 11:02 | Build | Stable |
| 11:03 | Build | Stable |
| 16:41 | Build | Stable |
| 16:42 | Build | Stable |
| 16:44 | Build | Stable |
| 16:45 | Build | Stable |
| 17:47 | Build | Stable |
| 17:50 | Build | Stable |
| 17:51 | Build | Stable |
| 17:52 | Build | Stable |
| 17:54 | Build | Stable |
| 17:55 | Build | Archery Range |
| 17:57 | Build | Archery Range |
| 17:58 | Build | Archery Range |
| 18:02 | Build | Archery Range |
Build order — Misery
0 actions detected in the replay
Build order — Dr. Slippery Fist M.D.
9 actions detected in the replay
| 16:26 | Research | Stronghold |
| 16:30 | Research | Iron Casting |
| 16:31 | Research | Chain Mail Armor |
| 16:32 | Research | Chain Barding Armor |
| 16:33 | Research | Bodkin Arrow |
| 16:35 | Research | Leather Archer Armor |
| 16:38 | Research | Ballistics |
| 16:39 | Research | Treadmill Crane |
| 16:40 | Research | Guard Tower (upgrade) |
Build order — MushyElm4881
108 actions detected in the replay
| 10:48 | Build | Stable |
| 10:55 | Build | Stable |
| 10:57 | Build | Stable |
| 10:59 | Build | Stable |
| 11:10 | Build | Stable |
| 11:46 | Research | Bloodlines |
| 12:01 | Build | Stable |
| 12:04 | Build | Stable |
| 12:05 | Build | Stable |
| 12:11 | Build | Stable |
| 12:12 | Build | Stable |
| 12:14 | Build | Stable |
| 12:24 | Build | Stable |
| 12:26 | Build | Stable |
| 12:28 | Build | Stable |
| 16:09 | Research | Husbandry |
| 16:12 | Research | Manipur Cavalry |
| 16:20 | Create | Knight ×5 |
| 16:20 | Create | Knight ×5 |
| 16:20 | Create | Knight ×5 |
| 16:20 | Create | Knight ×5 |
| 16:20 | Create | Knight ×5 |
| 16:21 | Create | Knight ×5 |
| 16:21 | Create | Knight ×5 |
| 16:21 | Create | Knight ×5 |
| 16:21 | Create | Knight ×5 |
| 16:22 | Create | Knight ×5 |
| 16:22 | Create | Knight ×5 |
| 16:22 | Create | Knight ×5 |
| 16:22 | Create | Knight ×5 |
| 16:22 | Create | Knight ×5 |
| 16:23 | Create | Knight ×5 |
| 16:23 | Create | Knight ×5 |
| 16:23 | Create | Knight ×5 |
| 16:23 | Create | Knight ×5 |
| 16:23 | Create | Knight ×5 |
| 16:24 | Create | Knight ×5 |
| 16:24 | Create | Knight ×5 |
| 16:24 | Create | Knight ×5 |
| 16:24 | Create | Knight ×5 |
| 16:25 | Create | Knight ×5 |
| 16:25 | Create | Knight ×5 |
| 16:25 | Create | Knight ×5 |
| 16:25 | Create | Knight ×5 |
| 16:26 | Create | Knight ×5 |
| 16:26 | Create | Knight ×5 |
| 16:26 | Create | Knight ×5 |
| 16:26 | Create | Knight ×5 |
| 16:27 | Create | Knight ×5 |
| 16:27 | Create | Knight ×5 |
| 16:46 | Research | Iron Casting |
| 16:47 | Research | Chain Barding Armor |
| 16:48 | Research | Bodkin Arrow |
| 16:49 | Research | Chain Mail Armor |
| 16:52 | Research | Treadmill Crane |
| 16:53 | Research | Ballistics |
| 16:54 | Research | Guard Tower (upgrade) |
| 16:54 | Research | Tech 908 |
| 16:55 | Research | Careening |
| 17:07 | Create | Knight ×5 |
| 17:07 | Create | Knight ×5 |
| 17:07 | Create | Knight ×5 |
| 17:07 | Create | Knight ×5 |
| 17:08 | Create | Knight ×5 |
| 17:08 | Create | Knight ×5 |
| 17:08 | Create | Knight ×5 |
| 17:08 | Create | Knight ×5 |
| 17:09 | Create | Knight ×5 |
| 17:09 | Create | Knight ×2 |
| 17:48 | Create | Knight ×5 |
| 17:49 | Create | Knight ×5 |
| 17:49 | Create | Knight ×5 |
| 17:49 | Create | Knight ×5 |
| 17:49 | Create | Knight ×5 |
| 17:49 | Create | Knight ×5 |
| 17:50 | Create | Knight ×5 |
| 17:50 | Create | Knight |
| 17:50 | Create | Knight ×5 |
| 17:50 | Create | Knight ×5 |
| 17:51 | Create | Knight ×3 |
| 17:58 | Build | Stable |
| 18:02 | Build | Stable |
| 18:03 | Build | Stable |
| 18:07 | Build | Stable |
| 18:10 | Build | Stable |
| 18:11 | Build | Stable |
| 19:52 | Create | Knight ×5 |
| 19:53 | Create | Knight ×5 |
| 19:53 | Create | Knight ×5 |
| 19:53 | Create | Knight ×5 |
| 19:53 | Create | Knight ×5 |
| 19:54 | Create | Knight ×5 |
| 19:54 | Create | Knight ×5 |
| 19:54 | Create | Knight ×5 |
| 19:54 | Create | Knight ×5 |
| 19:54 | Create | Knight ×5 |
| 19:55 | Create | Knight ×5 |
| 19:55 | Create | Knight ×5 |
| 19:55 | Create | Knight ×5 |
| 19:55 | Create | Knight ×5 |
| 19:56 | Create | Knight ×5 |
| 19:56 | Create | Knight ×5 |
| 19:56 | Create | Knight ×5 |
| 19:56 | Create | Knight ×5 |
| 19:57 | Create | Knight ×5 |
| 19:57 | Create | Knight ×5 |
| 19:57 | Create | Knight ×5 |
| 19:58 | Create | Knight ×4 |
Build order — AnúBis
11 actions detected in the replay
| 16:37 | Research | Bodkin Arrow |
| 16:39 | Research | Leather Archer Armor |
| 16:40 | Research | Iron Casting |
| 16:41 | Research | Chain Mail Armor |
| 16:42 | Research | Chain Barding Armor |
| 16:45 | Research | Ballistics |
| 16:46 | Research | Guard Tower (upgrade) |
| 16:47 | Research | Tech 909 |
| 16:47 | Research | Treadmill Crane |
| 16:48 | Research | Tech 908 |
| 16:49 | Research | Careening |
Build order — HCCC
133 actions detected in the replay
| 7:37 | Build | Barracks |
| 8:39 | Build | Stable |
| 8:40 | Build | Stable |
| 8:42 | Build | Stable |
| 9:30 | Build | Stone Wall |
| 10:43 | Build | Stable |
| 10:47 | Build | Stable |
| 10:48 | Build | Stable |
| 12:07 | Build | Stable |
| 12:08 | Build | Stable |
| 12:09 | Build | Stable |
| 12:50 | Build | Stable |
| 12:51 | Build | Stable |
| 13:18 | Research | Bloodlines |
| 13:19 | Create | Knight ×5 |
| 13:19 | Create | Knight ×5 |
| 13:19 | Create | Knight ×5 |
| 13:19 | Create | Knight ×5 |
| 13:19 | Create | Knight ×5 |
| 13:20 | Create | Knight ×5 |
| 13:20 | Create | Knight ×5 |
| 13:20 | Create | Knight ×5 |
| 13:20 | Create | Knight ×5 |
| 13:23 | Research | Chain Barding Armor |
| 13:24 | Research | Iron Casting |
| 13:24 | Research | Bodkin Arrow |
| 13:26 | Research | Leather Archer Armor |
| 13:28 | Research | Ballistics |
| 13:29 | Research | Guard Tower (upgrade) |
| 13:31 | Research | Arson |
| 14:02 | Create | Knight ×5 |
| 14:03 | Create | Knight ×5 |
| 14:03 | Create | Knight ×5 |
| 14:03 | Create | Knight ×5 |
| 14:03 | Create | Knight ×5 |
| 14:04 | Create | Knight ×5 |
| 14:04 | Create | Knight ×5 |
| 14:04 | Create | Knight ×5 |
| 14:04 | Create | Knight ×5 |
| 14:05 | Create | Knight ×5 |
| 14:05 | Create | Knight ×5 |
| 14:05 | Create | Knight ×2 |
| 14:26 | Create | Knight ×5 |
| 14:27 | Create | Knight ×5 |
| 14:27 | Create | Knight ×5 |
| 14:27 | Create | Knight ×5 |
| 14:28 | Create | Knight ×5 |
| 14:28 | Create | Knight ×4 |
| 14:44 | Create | Knight ×5 |
| 14:45 | Create | Knight ×5 |
| 14:45 | Create | Knight ×5 |
| 14:45 | Create | Knight ×5 |
| 14:49 | Build | Stable |
| 14:50 | Build | Stable |
| 14:51 | Build | Stable |
| 14:52 | Build | Stable |
| 14:54 | Create | Knight ×5 |
| 14:54 | Create | Knight ×5 |
| 14:54 | Create | Knight ×5 |
| 14:55 | Create | Knight ×5 |
| 14:55 | Create | Knight ×5 |
| 15:09 | Research | Ironclad |
| 15:09 | Research | Ironclad |
| 15:11 | Create | Knight ×5 |
| 15:11 | Create | Knight ×5 |
| 15:11 | Create | Knight ×5 |
| 15:48 | Create | Knight ×5 |
| 15:48 | Create | Knight ×5 |
| 15:48 | Create | Knight ×5 |
| 15:49 | Create | Knight ×5 |
| 15:49 | Create | Knight ×5 |
| 15:49 | Create | Knight ×5 |
| 15:49 | Create | Knight ×5 |
| 15:50 | Create | Knight ×5 |
| 15:50 | Create | Knight ×5 |
| 15:50 | Create | Knight ×5 |
| 15:50 | Create | Knight ×3 |
| 15:51 | Create | Knight |
| 15:51 | Create | Knight |
| 15:51 | Create | Knight |
| 16:04 | Create | Knight |
| 16:04 | Create | Knight |
| 16:05 | Create | Knight |
| 16:19 | Create | Knight ×5 |
| 16:20 | Create | Knight ×5 |
| 16:20 | Create | Knight ×5 |
| 16:20 | Create | Knight ×2 |
| 16:24 | Create | Knight ×3 |
| 16:24 | Create | Knight ×3 |
| 16:24 | Create | Knight ×3 |
| 16:25 | Create | Knight ×5 |
| 16:25 | Create | Knight ×5 |
| 16:25 | Create | Knight ×5 |
| 16:25 | Create | Knight ×5 |
| 16:26 | Create | Knight ×5 |
| 16:28 | Research | Pikeman (upgrade) |
| 16:41 | Create | Knight ×5 |
| 16:41 | Create | Knight ×5 |
| 16:41 | Create | Knight ×5 |
| 16:42 | Create | Knight ×5 |
| 16:42 | Create | Knight ×5 |
| 16:42 | Create | Knight |
| 16:45 | Create | Knight ×2 |
| 16:45 | Create | Knight ×2 |
| 17:17 | Create | Knight ×5 |
| 17:17 | Create | Knight ×5 |
| 17:44 | Create | Knight ×5 |
| 17:44 | Create | Knight ×5 |
| 17:44 | Create | Knight ×5 |
| 17:45 | Create | Knight ×5 |
| 17:45 | Create | Knight ×4 |
| 17:45 | Create | Knight ×2 |
| 18:39 | Create | Knight ×5 |
| 18:39 | Create | Knight ×5 |
| 18:40 | Create | Knight ×5 |
| 18:40 | Create | Knight ×5 |
| 18:40 | Create | Knight ×5 |
| 18:40 | Create | Knight ×5 |
| 18:41 | Create | Knight ×5 |
| 18:41 | Create | Knight |
| 18:42 | Create | Knight |
| 18:42 | Create | Knight |
| 18:42 | Create | Knight |
| 18:59 | Create | Knight ×5 |
| 19:00 | Create | Knight ×5 |
| 19:00 | Create | Knight ×5 |
| 19:00 | Create | Knight ×3 |
| 19:10 | Create | Knight ×4 |
| 19:10 | Create | Knight ×4 |
| 19:10 | Create | Knight ×4 |
| 19:12 | Create | Knight |
| 19:37 | Build | Stable |
| 19:38 | Build | Stable |
Match timeline
| 7:37 | HCCC · first_building Barracks |
| 8:00 | PKNOT · wall_segment Stone Wall x12 |
| 8:39 | HCCC · first_building Stable |
| 9:28 | turbines1 · first_building Archery Range |
| 9:30 | HCCC · wall_segment Stone Wall x18 |
| 9:45 | PKNOT · wall_segment Stone Wall x5 |
| 9:48 | turbines1 · wall_segment Stone Wall x14 |
| 10:48 | MushyElm4881 · first_building Stable |
| 10:58 | PKNOT · first_building Stable |
| 12:45 | turbines1 · wall_segment Stone Wall x4 |
| 17:55 | PKNOT · first_building Archery Range |
| 18:34 | Vllaznia - Kimeraa · resign |
[ AI ANALYSIS · 1 CREDIT ]
What really happened in this match?
Wolo.gg analyzes every decision: build order, eco, micro, common mistakes by bracket. Personalized analysis on WhatsApp or Discord in 30 seconds.
Civ guide
Dravidians
Map guide
CBA_=REQUIEM=_V293 Random Position (Scenario)
Perfil
turbines1